 Dungeon Crawl Stone Soup version 0.30.0-15-g856e2d3f33 (webtiles) character file.

Game seed: 13797146687355878437

30 Warped the Caller (level 3, -2/19 HPs)
             Began as a Deep Elf Summoner on May 19, 2023.
             Slain by a gnoll
             ... wielding a +0 halberd
              (12 damage)
             ... on level 2 of the Dungeon.
             The game lasted 00:02:40 (841 turns).

Warped the Caller (Deep Elf Summoner)                Turns: 841, Time: 00:02:40

Health: -2/19      AC:  2    Str:  5    XL:     3   Next: 3%
Magic:  2/10       EV: 12    Int: 21    God:
Gold:   68         SH:  0    Dex: 15    Spells: 6/9 levels left

rFire   . . .        e - +0 dagger
rCold   . . .        (no shield)
rNeg    . . .        a - +0 robe
rPois   .            (no helmet)
rElec   .            (no cloak)
rCorr   .            (no gloves)
SInv    .            (no boots)
Will    .....        (no amulet)
Stlth   ++           (no ring)
HPRegen 0.23/turn    (no ring)
MPRegen 0.12/turn

%: no passive effects
@: no status effects
A: no striking features
a: no special abilities


You were on level 2 of the Dungeon.
You visited 1 branch of the dungeon, and saw 2 of its levels.

You collected 68 gold pieces.

Inventory:

Hand Weapons
 e - a +0 dagger (weapon)
Missiles
 g - 12 stones
Armour
 a - a +0 robe (worn)
 c - a +0 scale mail
Scrolls
 d - 2 scrolls of identify {unknown}
Potions
 b - a potion of magic
 f - 2 potions of attraction {unknown}


   Skills:
 + Level 0.3 Short Blades
 + Level 2.5 Dodging
 + Level 2.5 Stealth
 * Level 3.8 Spellcasting
 * Level 4.9 Summonings


You had 6 spell levels left.
You knew the following spells:

 Your Spells              Type           Power      Damage    Failure   Level
a - Summon Small Mammal   Summ           96%        N/A       1%          1
b - Call Imp              Summ           48%        N/A       2%          2

Your spell library contained the following spells:

 Spells                   Type           Power      Damage    Failure   Level
 Call Canine Familiar     Summ           24%        N/A       4%          3
 Summon Guardian Golem    Hex/Summ       14%        N/A       13%         3
 Summon Lightning Spire   Summ/Air       14%        N/A       41%         4


Dungeon Overview and Level Annotations

Branches:
Dungeon (2/15)

Altars:


Message History

Press: ? - help, Dir - move target, f - gnoll
Aim: a gnoll, wielding a +0 whip (ally target) Attack!
The gnoll hits your cerulean imp with a +0 whip.
Your cerulean imp hits the gnoll but does no damage.
Casting: Summon Small Mammal (safe; 1% risk of failure)
Confirm with . or Enter, or press ? or * to list all spells.
The gnoll hits your cerulean imp with a +0 whip.
The gnoll barely misses your cerulean imp.
Your cerulean imp hits the gnoll but does no damage.
Unknown command.
The gnoll barely misses your cerulean imp.
The gnoll closely misses your cerulean imp.
Your cerulean imp completely misses the gnoll.
Your rat bites the gnoll.
The gnoll completely misses your cerulean imp.
The gnoll closely misses your rat.
Your cerulean imp barely misses the gnoll.
Your rat closely misses the gnoll.
There is a stone staircase leading up here.
The gnoll hits your rat with a +0 halberd!
Your rat dies!
Your rat's corpse disappears in a puff of smoke!
The gnoll misses your cerulean imp.
Your quokka bites the gnoll.
Your cerulean imp hits the gnoll but does no damage.
The gnoll closely misses your quokka.
Your quokka misses the gnoll.
Your cerulean imp hits the gnoll but does no damage.
Your quokka completely misses the gnoll.
The gnoll hits you but does no damage. The gnoll closely misses your quokka.
Your cerulean imp hits the gnoll with a -2 spear.
Your quokka bites the gnoll but does no damage.
The gnoll hits you from afar with a +0 halberd!
The gnoll barely misses your quokka.
Your quokka barely misses the gnoll.
Your cerulean imp hits the gnoll but does no damage.
The gnoll barely misses you. The gnoll barely misses your quokka.
Your quokka closely misses the gnoll.
Your cerulean imp hits the gnoll but does no damage.
The gnoll hits you from afar with a +0 halberd!
Ouch! That really hurt!
You die...

.#.. .... #... #...
#####.###
###...#####@......#
........ggr.###.#<#
........5g......#
..!.....)...#..##
#>#...#.###.#..#
#.. #.# #...... #.
#.# ###..### .. ..#
..# .. #.# ...


You could see 3 gnolls, a friendly cerulean imp (summoned) and a friendly quokka
(summoned).

Vanquished Creatures
  A ball python (D:1)
  A bat (D:1)
  A frilled lizard (D:1)
3 creatures vanquished.

Vanquished Creatures (collateral kills)
  A gnoll (D:2)
  A dart slug (D:1)
  4 endoplasms
  A giant cockroach (D:1)
  2 goblins (D:1)
  A quokka (D:1)
  3 ball pythons (D:1)
  A frilled lizard (D:1)
  A rat (D:1)
15 creatures vanquished.

Grand Total: 18 creatures vanquished

Notes
Turn   | Place    | Note
-------+----------+-------------------------------------------
     0 | D:1      | Warped the Deep Elf Summoner began the quest for the Orb.
     0 | D:1      | Reached XP level 1. HP: 10/10 MP: 6/6
   171 | D:1      | Reached XP level 2. HP: 15/15 MP: 4/8
   203 | D:1      | Found a faded altar of an unknown god.
   328 | D:1      | Learned a level 2 spell: Call Imp
   831 | D:2      | Reached XP level 3. HP: 19/19 MP: 2/10
   841 | D:2      | Slain by a gnoll

Illustrated notes

Levels and vault maps discovered:
D:1:      scummos_arrival_simple_crosswalls, layout_basic,
          ebering_ecumenical_altar_sacrificial
D:2:      layout_loops_cross, basic_altar

Action                     || total
---------------------------++-------
  Melee: Unarmed           ||     1
         Dagger            ||     6
   Cast: Summon Small Mamm ||    21
         Call Imp          ||     5
   Stab: Sleeping          ||     1
 Armour: Robe              ||     2
  Dodge: Dodged            ||     9
